 Dungeon Crawl Stone Soup version 0.30-a0-830-gfe289a77b0 (webtiles) character file.

Game seed: 12866608888529176849

2344 diecastcamel the Ducker (level 9, 34/40 HPs)
             Began as a Felid Summoner on Feb 6, 2023.
             Was an Initiate of Gozag.
             Quit the game on level 8 of the Dungeon on Feb 28, 2023.
             The game lasted 01:53:56 (11243 turns).

diecastcamel the Ducker (Felid Summoner)           Turns: 11243, Time: 01:53:56

Health: 34/40      AC:  2    Str:  4    XL:     9   Next: 20%
Magic:  23/28      EV: 21    Int: 21    God:    Gozag
Gold:   299        SH:  5    Dex: 16    Spells: 2/20 levels left
                                        Lives:  0   Deaths: 2

rFire   . . .      SeeInvis +    (weapon unavailable)
rCold   . . .      Faith    .    (shield unavailable)
rNeg    + . .      Spirit   .    (body armour unavailable)
rPois   .          Reflect  +    (helmet unavailable)
rElec   .          Harm     .    (cloak unavailable)
rCorr   .          Rampage  .    (gloves unavailable)
Will    +....                    (boots unavailable)
Stlth   ++                       o - amulet of reflection
HPRegen 0.26/turn                c - ring of positive energy
MPRegen 0.21/turn                C - ring of magical power

@: gold aura, quick
A: very small, claws 1, fangs 3, see invisible, speed 1, shaggy fur 2, stealthy
paws, no weapons or thrown items, no armour, multi-lived
a: Renounce Religion, Potion Petition, Call Merchant, Bribe Branch


You were on level 8 of the Dungeon.
You worshipped Gozag.
Gozag was aware of your devotion.
You visited 2 branches of the dungeon, and saw 9 of its levels.
You also visited: Sewer.

You collected 430 gold pieces.
You paid 131 gold pieces to Gozag.

Inventory:

Jewellery
 c - a ring of positive energy (left paw)
 o - an amulet of reflection (around neck)
 r - a ring of positive energy
 A - a ring of ice
 B - a ring of protection from cold
 C - a ring of magical power (right paw)
 E - a ring of willpower
Wands
 x - a wand of paralysis (6)
Scrolls
 e - a scroll of silence
 f - a scroll of amnesia
 g - a scroll of magic mapping {unknown}
 h - a scroll of fog
 i - 2 scrolls of vulnerability
 l - a scroll of poison
 m - a scroll of blinking {unknown}
 u - a scroll of teleportation
 v - 2 scrolls of fear
 y - a scroll of torment {unknown}
Potions
 a - 2 potions of magic
 b - 3 potions of flight
 d - 5 potions of curing
 j - a potion of might {unknown}
 k - a potion of invisibility {unknown}
 n - 3 potions of lignification {unknown}
 p - 3 potions of mutation {unknown}
 q - 3 potions of resistance {unknown}
 s - 3 potions of attraction {unknown}
 t - 2 potions of brilliance {unknown}
 w - 4 potions of haste {unknown}
 z - a potion of heal wounds {unknown}
 D - a potion of berserk rage {unknown}


   Skills:
 + Level 5.3 Fighting
 + Level 7.8 Dodging
 - Level 2.7 Stealth
 + Level 6.1 Spellcasting
 + Level 6.1 Hexes
 + Level 7.5 Summonings
 + Level 4.4 Air Magic


You had 2 spell levels left.
You knew the following spells:

 Your Spells              Type           Power      Damage    Failure   Level
a - Summon Small Mammal   Summ           100%       N/A       1%          1
b - Call Imp              Summ           38%        N/A       1%          2
c - Call Canine Familiar  Summ           38%        N/A       1%          3
d - Summon Guardian Gole  Hex/Summ       35%        N/A       1%          3
e - Summon Lightning Spi  Summ/Air       31%        N/A       9%          4
f - Summon Mana Viper     Hex/Summ       35%        N/A       16%         5

Your spell library contained the following spells:

 Spells                   Type           Power      Damage    Failure   Level
 Foxfire                  Conj/Fire      24%        2x1d5     10%         1
 Magic Dart               Conj           24%        1d4       10%         1
 Searing Ray              Conj           12%        2d4       14%         2
 Airstrike                Air            12%        2d(2-18)  16%         4
 Summon Ice Beast         Ice/Summ       22%        N/A       21%         4
 Fulminant Prism          Conj/Hex       9%         3d7       26%         4
 Summon Forest            Summ/Tloc      11%        N/A       50%         5
 Lightning Bolt           Conj/Air       7%         1d20      73%         5
 Fireball                 Conj/Fire      3%         3d4       95%         5
 Monstrous Menagerie      Summ           19%        N/A       98%         7
 Summon Hydra             Summ           19%        N/A       98%         7
 Eringya's Noxious Bog    Tmut/Pois      3%         N/A       100%        6
 Starburst                Conj/Fire      3%         6d3       100%        6


Dungeon Overview and Level Annotations

Branches:
Dungeon (8/15)             Temple (1/1) D:7           Sewer (visited)
   Lair: D:8-11

Altars:
Ashenzari
Cheibriados
Dithmenos
Elyvilon
Fedhas
Gozag
Hepliaklqana
Kikubaaqudgha
Makhleb
Nemelex Xobeh
Okawaru
Qazlal
Ru
Sif Muna
Trog
Vehumet
Xom
Yredelemnul
Zin
The Shining One


Innate Abilities, Weirdness & Mutations

You have sharp claws.
You have razor-sharp teeth.
You have supernaturally acute eyesight. (SInv)
You cover ground quickly. (Speed+)
You are covered in thick fur. (AC +2)
Your paws help you pounce on unaware monsters.
You are incapable of wielding weapons or throwing items.
You cannot wear armour.
You gain extra lives every three experience levels.


Message History

The wyvern is lightly wounded.
The wyvern misses you. The wyvern closely misses you. The wyvern bites you!
You closely miss the wyvern.
The wyvern is lightly wounded.
You block the wyvern's attack.
Your lightning spire shoots out a bolt of lightning at the wyvern!
The bolt of electricity hits the wyvern!
The wyvern misses you.
You closely miss the wyvern. You bite the wyvern, but do no damage.
The wyvern is heavily wounded.
The wyvern misses you.
Your lightning spire shoots out a bolt of lightning at the wyvern!
The bolt of electricity hits the wyvern!
You scratch the wyvern but do no damage.
You bite the wyvern.
The wyvern is almost dead.
You block the wyvern's attack.
Your lightning spire shoots out a bolt of lightning at the wyvern!
The bolt of electricity hits the wyvern!
The wyvern dies!
Your Hexes skill increases to level 6!
You now have 299 gold pieces (gained 9).
There is a stone staircase leading up here.
Okay, then.
Saving game... please wait.
Welcome back, diecastcamel the Felid Summoner.
Gozag says: Greed is good.
Press ? for a list of commands and other information.
Welcome back, diecastcamel the Felid Summoner.
Gozag says: Greed is good.
Press ? for a list of commands and other information.
Welcome back, diecastcamel the Felid Summoner.
Gozag says: Greed is good.
Press ? for a list of commands and other information.
Welcome back, diecastcamel the Felid Summoner.
Gozag says: Greed is good.
Press ? for a list of commands and other information.
Unknown command.
Are you sure you want to abandon this character and quit the game? (Confirm with "yes".)

#. .# .## .## ..
.. #. ####. ##.##
...
##....##...##...
................
##..8..........
###.)............
#.......@(.#...#.
.......)9(.# ##
..#..........#
#..........#
#..............
................#
$
........#.####$..
.......$#.. ...
............ ..


You could see a friendly guardian golem (summoned) and a friendly lightning
spire (summoned, sheltered).

Vanquished Creatures
  A water moccasin (D:6)
  A centaur (D:7)
  A phantom (D:6)
  An adder (D:6)
  An orc (D:6)
  2 frilled lizards (Sewer)
  3 kobolds
  A rat (Sewer)
11 creatures vanquished.

Vanquished Creatures (collateral kills)
  A wyvern (D:8)
  Menkaure (D:6)
  A black bear (D:4)
  2 ogres
  2 phantoms (D:6)
  3 necrophages
  2 bullfrogs
  A gnoll sergeant (D:7)
  A scorpion (D:6)
  5 howler monkeys
  A jelly (D:4)
  3 hounds
  An orc priest (D:6)
  3 iguanas
  An iron imp (D:5)
  3 orc wizards (D:6)
  12 gnolls
  11 adders
  2 river rats (Sewer)
  2 ufetubi
  2 worms (D:2)
  2 dart slugs
  8 orcs
  3 endoplasms (D:2)
  3 giant cockroaches
  6 hobgoblins
  A jackal (D:3)
  6 quokkas
  7 ball pythons
  5 bats
  8 frilled lizards
  3 goblins (D:1)
  12 kobolds
  7 rats
131 creatures vanquished.

Vanquished Creatures (others)
  A water moccasin (D:6)
  Duvessa (D:6)
  A black bear (D:6)
  An orc warrior (D:6)
  2 ogres (D:6)
  2 kobold brigands
  A bullfrog (D:6)
  A necrophage (D:6)
  A scorpion (D:6)
  Dowan (D:6)
  A gnoll bouda (D:7)
  An iguana (D:6)
  4 gnolls
  2 fungi (D:8)
  16 plants
36 creatures vanquished.

Grand Total: 178 creatures vanquished

Notes
Turn   | Place    | Note
-------+----------+-------------------------------------------
     0 | D:1      | diecastcamel the Felid Summoner began the quest for the
                  | Orb.
     0 | D:1      | Reached XP level 1. HP: 7/7 MP: 4/4
   237 | D:1      | You fall into a shaft and drop 1 floor!
   532 | D:1      | Reached XP level 2. HP: 11/11 MP: 1/6
   582 | D:1      | Learned a level 2 spell: Call Imp
  1625 | D:2      | Reached XP level 3. HP: 14/14 MP: 2/8
  2552 | D:2      | Learned a level 3 spell: Call Canine Familiar
  2653 | D:2      | Reached XP level 4. HP: 18/18 MP: 5/9
  2680 | D:2      | Reached skill level 5 in Summonings
  2848 | D:3      | Noticed a centaur
  2994 | D:3      | Learned a level 3 spell: Summon Guardian Golem
  3261 | D:3      | Found a broken altar of Ashenzari.
  3432 | D:4      | Noticed a black bear
  3672 | D:4      | Found a glowing drain.
  3676 | Sewer    | Entered a sewer
  3685 | Sewer    | Reached skill level 1 in Hexes
  3726 | Sewer    | Reached XP level 5. HP: 21/21 MP: 8/11
  4079 | Sewer    | Reached skill level 1 in Fighting
  4260 | D:4      | Upgraded the game from 0.30-a0-743-gbfdf073431 to
                  | 0.30-a0-748-ge6a52f7cba
  4525 | D:4      | Slain by a black bear
  4526 | D:4      | Reached XP level 4. HP: -2/19 MP: 3/10
  4544 | D:4      | Upgraded the game from 0.30-a0-748-ge6a52f7cba to
                  | 0.30-a0-757-ga6a79fd877
  4838 | D:4      | Noticed a necrophage
  4919 | D:4      | Killed a necrophage
  4920 | D:4      | Reached XP level 5. HP: 22/22 MP: 4/11
  5092 | D:4      | Killed a black bear
  5093 | D:4      | Gained mutation: You are covered in thick fur. (AC +2)
                  | [Felid growth]
  5093 | D:4      | Reached XP level 6. HP: 26/26 MP: 10/12
  5304 | D:4      | Learned a level 4 spell: Summon Lightning Spire
  5556 | D:5      | Entered Level 5 of the Dungeon
  5719 | D:5      | Reached skill level 1 in Air Magic
  5719 | D:5      | Reached XP level 7. HP: 30/30 MP: 8/14
  5822 | D:5      | Found a snail-covered altar of Cheibriados.
  6228 | D:5      | Upgraded the game from 0.30-a0-757-ga6a79fd877 to
                  | 0.30-a0-760-g5a9884bb7c
  6764 | D:6      | Noticed Menkaure
  6780 | D:6      | Killed Menkaure
  6781 | D:6      | Reached skill level 5 in Dodging
  7071 | D:6      | Reached XP level 8. HP: 34/34 MP: 4/16
  7231 | D:6      | Reached skill level 5 in Hexes
  7562 | D:6      | Reached skill level 5 in Spellcasting
  8322 | D:6      | Noticed Duvessa
  8330 | D:6      | Noticed Dowan
  8351 | D:6      | Killed Dowan
  8357 | D:6      | Mangled by Duvessa
  8358 | D:6      | Reached XP level 7. HP: -6/32 MP: 11/16
  8389 | D:6      | Killed Duvessa
  8465 | D:6      | Reached XP level 8. HP: 36/36 MP: 7/17
  8625 | D:6      | Found a white marble altar of Elyvilon.
  9046 | D:7      | Found a blossoming altar of Fedhas.
  9452 | D:6      | Learned a level 5 spell: Summon Mana Viper
  9801 | D:7      | Reached skill level 5 in Fighting
  9917 | D:7      | Reached XP level 9. HP: 16/40 MP: 12/19
 10531 | D:7      | Found a staircase to the Ecumenical Temple.
 10540 | Temple   | Entered the Ecumenical Temple
 10840 | Temple   | Became a worshipper of Gozag Ym Sagoz the Greedy
 11243 | D:8      | Upgraded the game from 0.30-a0-760-g5a9884bb7c to
                  | 0.30-a0-777-ga9a30cbeda
 11243 | D:8      | Upgraded the game from 0.30-a0-777-ga9a30cbeda to
                  | 0.30-a0-830-gfe289a77b0
 11243 | D:8      | Quit the game

Illustrated notes

Levels and vault maps discovered:
D:1:      minmay_arrival_semitransparent, layout_loops_ring
D:2:      layout_basic
D:3:      layout_basic, ashenzari_conservatory_becter,
          hangedman_abyss_or_decor_stabs, st_stairs_14, guppyfry_early_lair_pool
D:4:      minmay_octagon_keep, layout_loops_cross, gup_sewer_entry_bowl,
          minmay_misc_feat_hallway
D:5:      layout_basic, slow_altar_1
D:6:      layout_rooms, elyvilon_altar_1, serial_corexii_hall,
          chequers_hall_statues_y, chequers_hall_statues_corner_a,
          hangedman_glass_teeth, uniq_duvessa, uniq_menkaure
D:7:      layout_basic, fedhas_bush_and_centaur_altar,
          minmay_temple_entry_mini_moons, due_unseen_surprise
D:8:      layout_cave_pools, nicolae_uskayaw_suspiria, minmay_lair_entry_grove
Temple:   minmay_temple_bridge_d

Skill      XL: |  1  2  3  4  5  6  7  8  9 |
---------------+----------------------------+-----
Spellcasting   | 3 4 6 |  6.1
Summonings     | 5 6 7 |  7.5
Dodging        | 3 4 5 7 |  7.8
Hexes          | 2 3 4 5 6 |  6.1
Fighting       | 1 2 3 5 |  5.3
Air Magic      | 1 2 4 |  4.4
Stealth        | |  2.7

Action                     |  1- 3 |  4- 6 |  7- 9 || total
---------------------------+-------+-------+-------++-------
  Melee: Unarmed           |       |    18 |    67 ||    85
         Bite              |       |     3 |    10 ||    13
         Punch             |       |       |     1 ||     1
   Cast: Summon Small Mamm |    75 |       |       ||    75
         Call Imp          |    21 |     5 |     2 ||    28
         Call Canine Famil |     2 |    34 |    63 ||    99
         Summon Guardian G |       |     6 |    54 ||    60
         Summon Lightning  |       |       |     5 ||     5
  Evoke: Wand              |       |       |     7 ||     7
    Use: Scroll            |     2 |     7 |     4 ||    13
         Potion            |       |       |     5 ||     5
   Stab: Paralysed         |       |       |     5 ||     5
 Armour: Skin              |     1 |     2 |    13 ||    16
  Dodge: Dodged            |    10 |    26 |   115 ||   151
  Block: Other             |       |     4 |    41 ||    45
         Reflection        |       |       |    13 ||    13

Table legend: (Time is in decaauts)
 A = Elapsed time spent in this place.
 B = Non-inter-level travel time spent in this place.
 C = Inter-level travel time spent in this place.
 D = Time resting spent in this place.
 E = Time spent auto-exploring this place.
 F = Levels seen in this place.
 G = Mean time per level.
                   A        B        C        D        E       F      G
               +--------+--------+--------+--------+--------+-----+--------+
         Total |  10119 |   9292 |    827 |   2381 |   4059 |  10 | 1011.9 |
       Dungeon |   9266 |   8556 |    710 |   2312 |   3610 |   8 | 1158.2 |
        Temple |    298 |    181 |    117 |      0 |    171 |   1 |  298.0 |
         Sewer |    554 |    554 |      0 |     69 |    278 |   1 |  554.0 |
               +--------+--------+--------+--------+--------+-----+--------+

Top non-repeatable levels by time:
     D:6: 2795 daAuts
     D:2: 1421 daAuts
     D:4: 1285 daAuts
     D:1: 1201 daAuts
     D:5: 1181 daAuts
     D:7: 791 daAuts
   Sewer: 554 daAuts
     D:3: 504 daAuts
  Temple: 298 daAuts
     D:8: 84 daAuts
